 Dungeon Crawl Stone Soup version 0.29-a0-632-g781b4ac09e (webtiles) character file.

Game seed: 3555451512002818918

6 BritishOli the Skirmisher (level 1, 0/18 HPs)
             Began as a Demonspawn Fighter on June 18, 2022.
             Constricted to death by a ball python (1 damage)
             ... on level 1 of the Dungeon.
             The game lasted 00:00:14 (260 turns).

BritishOli the Skirmisher (Demonspawn Fighter)       Turns: 260, Time: 00:00:15

Health: 0/18       AC:  6    Str: 16    XL:     1   Next: 75%
Magic:  1/1        EV:  5    Int:  9    God:
Gold:   19         SH:  4    Dex: 12    Spells: 0/0 levels left

rFire   . . .      SeeInvis .   a - +0 long sword
rCold   . . .      Faith    .   c - +0 buckler
rNeg    . . .      Spirit   .   b - +0 scale mail
rPois   .          Reflect  .   (no helmet)
rElec   .          Harm     .   (no cloak)
rCorr   .          Rampage  .   (no gloves)
Will    .....                   (no boots)
Stlth   ..........              (no amulet)
HPRegen 0.06/turn               (no ring)
MPRegen 0.07/turn               (no ring)

@: constricted
A: no striking features
a: no special abilities


You were on level 1 of the Dungeon.
You visited 1 branch of the dungeon, and saw 1 of its levels.

You collected 19 gold pieces.

Inventory:

Hand Weapons
 a - a +0 long sword (weapon)
Armour
 b - a +0 scale mail (worn)
 c - a +0 buckler (worn)
Scrolls
 e - a scroll of amnesia {unknown}
Potions
 d - a potion of might


   Skills:
 + Level 3.1 Fighting
 + Level 1.9 Long Blades
 + Level 2.8 Armour
 + Level 2.8 Shields


You couldn't memorise any spells.
You didn't know any spells.
Your spell library was empty.

Dungeon Overview and Level Annotations

Branches:
Dungeon (1/15)

Altars:


Message History

There are monsters nearby!
You miss the jackal.
The jackal is moderately wounded.
The jackal bites you. The jackal closely misses you.
You block the jackal's attack. The jackal barely misses you.
There are monsters nearby!
You closely miss the jackal.
The jackal is moderately wounded.
The ball python hisses angrily.
The jackal barely misses you. The jackal closely misses you.
The jackal bites you. The ball python barely misses you.
The ball python grabs you. The ball python constricts you.
The jackal bites you but does no damage.
You barely miss the ball python.
The jackal bites you but does no damage.
The ball python barely misses you. The ball python constricts you.
You block the jackal's attack. The jackal bites you.
You barely miss the ball python.
The jackal bites you but does no damage.
The ball python barely misses you. The ball python constricts you.
The jackal bites you but does no damage.
The jackal bites you.
* * * LOW HITPOINT WARNING * * *
The ball python bites you but does no damage.
The ball python constricts you. You block the jackal's attack.
You barely miss the ball python. The jackal barely misses you.
The ball python barely misses you. The ball python constricts you.
The jackal barely misses you. x2; You block the ball python's attack.
The ball python constricts you. The jackal barely misses you.
Unknown command.
You completely miss the ball python. The jackal bites you.
* * * LOW HITPOINT WARNING * * *
You block the jackal's attack.
The ball python bites you but does no damage.
The ball python constricts you. The jackal bites you.
* * * LOW HITPOINT WARNING * * *
The jackal bites you but does no damage.
The ball python bites you but does no damage.
The ball python constricts you.
You die...

# #.# #########.
#.###########.........
......................
......###.............
......#............##.
...................#
...............######..#
...............S@hh.....
#.##...........##hg.....
#.##....###.#..# J......
..##....###.#..# .......
†.#......##.#... .......
#.#......# .... ..##...
#.#......# ....S ..# ...
#........+ .... ... ..
.........#


You could see an endoplasm, 3 jackals, a hobgoblin and a ball python.

Vanquished Creatures
  2 giant cockroaches (D:1)
  A hobgoblin (D:1)
  A jackal (D:1)
  A frilled lizard (D:1)
5 creatures vanquished.

Notes
Turn   | Place    | Note
-------+----------+-------------------------------------------
     0 | D:1      | BritishOli the Demonspawn Fighter began the quest for the
                  | Orb.
     0 | D:1      | Reached XP level 1. HP: 18/18 MP: 1/1
   260 | D:1      | Constricted to death by a ball python

Illustrated notes

Levels and vault maps discovered:
D:1:      dpeg_arrival_pits, layout_basic, minmay_misc_feat_diagonals,
          minmay_misc_feat_room, minmay_rat_gold_closets

Action                   || total
-------------------------++-------
Melee: Long sword        ||    24
Armor: Scale mail        ||    16
Dodge: Dodged            ||    20
Block: Buckler           ||    10

Table legend: (Time is in decaauts)
 A = Elapsed time spent in this place.
 B = Non-inter-level travel time spent in this place.
 C = Inter-level travel time spent in this place.
 D = Time resting spent in this place.
 E = Time spent auto-exploring this place.
 F = Levels seen in this place.
 G = Mean time per level.
                   A        B        C        D        E       F      G
               +--------+--------+--------+--------+--------+-----+--------+
         Total |    268 |    268 |      0 |      0 |    218 |   1 |  268.0 |
       Dungeon |    268 |    268 |      0 |      0 |    218 |   1 |  268.0 |
               +--------+--------+--------+--------+--------+-----+--------+

Top non-repeatable levels by time:
     D:1: 268 daAuts
